 Dungeon Crawl Stone Soup version 0.30.0 (webtiles) character file.

Game seed: 10322234830044530494

143822 arghonaut the Fencer (level 18, 0/144 (149) HPs)
             Began as a Formicid Gladiator on May 21, 2023.
             Was an Initiate of Yredelemnul.
             Slain by a spark wasp (4 damage)
             ... on level 3 of the Spider Nest.
             The game lasted 01:11:44 (29412 turns).

arghonaut the Fencer (Formicid Gladiator)          Turns: 29412, Time: 01:11:45

HP:   0/144 (149)   AC: 25    Str: 20    XL:     18   Next: 0%
MP:   25/27         EV: 17    Int:  9    God:    Yredelemnul [......]
Gold: 2319          SH: 16    Dex: 21    Spells: 17/17 levels left

rFire   + + .        Q - +9 sword of Zonguldrok {reap}
rCold   + + .        U - +2 kite shield {reflect}
rNeg    + . .        P - +2 plate armour {rF+}
rPois   +            (helmet unavailable)
rElec   +            H - +2 cloak
rCorr   +            J - +2 pair of gloves
SInv    +            S - +3 pair of mountain boots {steadfast, rC+}
Will    +....        n - amulet of the acrobat Stlth
                     k - ring of positive energy
HPRegen 0.44/turn    I - +5 ring of evasion
MPRegen 0.20/turn

%: reflection, acrobat
@: resistant, corroded, lightly drained
A: permanent stasis, dig shafts and tunnels, antennae 3, four strong arms
a: Dig, Shaft Self, Renounce Religion, Recall Undead Harvest


You were on level 3 of the Spider Nest.
You worshipped Yredelemnul.
Yredelemnul was pleased with you.
You visited 4 branches of the dungeon, and saw 25 of its levels.
You also visited: Volcano.

You collected 2484 gold pieces.
You spent 165 gold pieces at shops.

Inventory:

Hand Weapons
 c - a +3 scimitar of flaming
 F - a +2 vampiric scimitar
 Q - the +9 sword of Zonguldrok (weapon) {reap}
   (You acquired it on level 15 of the Dungeon)
Missiles
 d - a javelin
 O - 3 throwing nets (quivered)
Armour
 l - the +2 chain mail of Fedhas's Generosity {Rampage rElec Will+ Dex-2}
   (You found it on level 14 of the Dungeon)

   Dex:       It affects your dexterity (-2).
   rElec:     It insulates you from electricity.
   Rampage:   It bestows one free step when moving towards enemies.
   Will:      It increases your willpower.
 H - a +2 cloak (worn)
 J - a +2 pair of gloves (worn)
 P - a +2 plate armour of fire resistance (worn)
 S - the +3 pair of mountain boots (worn) {steadfast, rC+}
   (You acquired it on level 5 of the Lair of Beasts)

   Steadfast: It prevents involuntary movement, except for blinking,
   teleportation, or banishment.
   rC:        It protects you from cold.
 U - a +2 kite shield of reflection (worn)
Jewellery
 k - a ring of positive energy (left hand)
 n - an amulet of the acrobat (around neck)
 I - a +5 ring of evasion (right hand)
Wands
 o - a wand of quicksilver (15)
 q - a wand of flame (68)
 y - a wand of roots (3)
 D - a wand of polymorph (19)
 G - a wand of charming (2)
 L - a wand of mindburst (8)
Scrolls
 a - 3 scrolls of butterflies
 e - 5 scrolls of immolation
 f - 3 scrolls of identify
 j - 2 scrolls of enchant armour
 s - 6 scrolls of vulnerability
 u - 4 scrolls of poison
 w - 4 scrolls of magic mapping
 x - 7 scrolls of noise
 N - 4 scrolls of fog
 T - 5 scrolls of torment
Potions
 b - a potion of might
 i - 4 potions of lignification
 m - 7 potions of mutation
 p - 2 potions of cancellation
 r - 3 potions of attraction
 A - 6 potions of flight
 B - a potion of heal wounds
 C - 13 potions of curing
 E - 3 potions of brilliance
 K - 3 potions of ambrosia
 M - 2 potions of magic
Miscellaneous
 g - a box of beasts
 t - a phantom mirror
 v - a lightning rod (4/4)
 R - a phial of floods


   Skills:
 - Level 15.0 Fighting
 + Level 15.6 Long Blades
 - Level 2.0 Throwing
 - Level 12.0 Armour
 - Level 12.0 Dodging
 - Level 14.0 Shields
 - Level 12.0 Invocations
 - Level 10.0 Evocations


You had 17 spell levels left.
You didn't know any spells.
Your spell library contained the following spells:

 Spells                   Type           Power      Damage    Failure   Level
 Beastly Appendage        Tmut           0%         N/A       100%        1
 Sandblast                Erth           0%         2d4       100%        1
 Summon Small Mammal      Summ           0%         N/A       100%        1
 Cigotuvi's Dreadful Rot  Necr/Pois/Air  0%         N/A       100%        2
 Ensorcelled Hibernation  Hex/Ice        0%         N/A       100%        2
 Lesser Beckoning         Tloc           0%         N/A       100%        2
 Passwall                 Tmut/Erth      0%         N/A       100%        2
 Sublimation of Blood     Necr           0%         N/A       100%        2
 Wereblood                Tmut           0%         N/A       100%        2
 Call Canine Familiar     Summ           0%         N/A       100%        3
 Dazzling Flash           Conj/Hex       0%         N/A       100%        3
 Gell's Gravitas          Tloc           0%         N/A       100%        3
 Ignite Poison            Fire/Tmut/Pois 0%         N/A       100%        3
 Ozocubu's Armour         Ice            0%         N/A       100%        3
 Portal Projectile        Hex/Tloc       0%         N/A       100%        3
 Spider Form              Tmut/Pois      0%         N/A       100%        3
 Stone Arrow              Conj/Erth      0%         3d7       100%        3
 Summon Guardian Golem    Hex/Summ       0%         N/A       100%        3
 Teleport Other           Tloc           0%         N/A       100%        3
 Tukima's Dance           Hex            0%         N/A       100%        3
 Anguish                  Hex/Necr       0%         N/A       100%        4
 Cause Fear               Hex            0%         N/A       100%        4
 Agony                    Necr           0%         N/A       100%        5
 Arcjolt                  Conj/Air       0%         1d10      100%        5
 Blade Hands              Tmut           0%         N/A       100%        5
 Freezing Cloud           Conj/Ice/Air   0%         6-21      100%        5
 Silence                  Hex/Air        0%         N/A       100%        5
 Enfeeble                 Hex            0%         N/A       100%        7
 Ozocubu's Refrigeration  Ice            0%         4d7       100%        7
 Summon Hydra             Summ           0%         N/A       100%        7
 Maxwell's Capacitive Co  Air            0%         ∞         100%        8
 Swiftness                Air            Unusable   N/A       N/A         3
 Vhi's Electric Charge    Tloc/Air       Unusable   N/A       N/A         3

Dungeon Overview and Level Annotations

Branches:
Dungeon (15/15)            Temple (0/1) D:6            Lair (5/5) D:10
 Shoals (0/4) Lair:2       Spider (3/4) Lair:3        Slime (0/5) Lair:4
    Orc (2/2) D:12            Elf (0/3) Orc:2        Vaults (0/5) D:14
 Depths (0/4) D:15        Volcano (visited)

Altars:
Ashenzari
Fedhas
Nemelex Xobeh
Okawaru
Qazlal
Ru
Yredelemnul
Jiyva

Shops:
D:5 :   D:7 *   Orc:2 [[!(

Annotations:
D:11 2 runed translucent doors
Orc:1 1 runed translucent door, Caerwyn's ghost, journeyman GrEE


Innate Abilities, Weirdness & Mutations

You cannot be hasted, slowed, berserked, paralysed or teleported.
You can dig through walls and to a lower floor.
You have a pair of large antennae on your head. (SInv)
Your four strong arms can wield two-handed weapons with a shield.


Message History

The wolf spider hits you but does no damage.
The wolf spider bites you.
You are poisoned.
The wolf spider poisons you! The pharaoh ant closely misses you.
You slice the pharaoh ant!!
You destroy the pharaoh ant!
The pharaoh ant binds the souls of nearby monsters.
You feel very sick. You block the culicivora's attack.
The spark wasp barely misses you.
The wolf spider hits you but does no damage.
The wolf spider barely misses you.
You have reached level 18!
Okay, then.
You feel protected.
You feel very sick. The redback misses you. You block the culicivora's attack.
The spark wasp stings you!
* * * LOW HITPOINT WARNING * * *
The spark wasp shocks you. You resist.
* * * LOW HITPOINT WARNING * * *
The wolf spider hits you.
* * * LOW HITPOINT WARNING * * *
The wolf spider misses you. You block the redback's attack.
The spark wasp barely misses you. The culicivora bites you!
* * * LOW HITPOINT WARNING * * *
The culicivora draws strength from your injuries!
You block the wolf spider's attack.
The wolf spider bites you but does no damage.
You feel better. The redback bites you!
* * * LOW HITPOINT WARNING * * *
You block the culicivora's attack. The spark wasp misses you.
You block the wolf spider's attack. The wolf spider misses you.
Nothing appears to have answered your call.
You block the redback's attack.
The culicivora bites you but does no damage.
The spark wasp stings you.
* * * LOW HITPOINT WARNING * * *
The spark wasp shocks you. You resist.
You die...
Your body rises from the dead as a mindless zombie.

^..>...#....# #
............
.###..../..##
.........!..# #
##......<.##..
##...##.#.....#
#....Bss....#.#
###^.#sy#.......
#<^.ss@ss.......
############...#
#+## { { { {{ {


You could see an entropy weaver (soul bound), a spark wasp (soul bound), a
demonic crawler, a wolf spider (soul bound), a culicivora (soul bound) and 4
redbacks.

Vanquished Creatures
  Nikola (Spider:2)
  Donald (Spider:2)
  An orc warlord (Orc:2)
  A stone giant (D:15)
  A broodmother (Spider:2)
  A spark wasp (Spider:1)
  Snorg (Lair:4)
  An entropy weaver (Spider:1)
  Erolcha (D:12)
  4 hydras
  Erica (Lair:1)
  4 ogre magi
  3 centaur warriors
  4 radroaches (Spider:1)
  2 boulder beetles
  22 two-headed ogres
  6 death yaks
  4 sun demons (Volcano)
  An orc high priest (Orc:1)
  2 skysharks
  A sun moth (Spider:1)
  5 skeletal warriors
  Amaemon (D:8)
  4 pharaoh ants
  5 orb spiders (Spider:1)
  2 orc knights (Orc:2)
  A lindwurm (Lair:5)
  7 wolf spiders
  6 ugly things
  A harpy (shapeshifter) (D:13)
  4 orc sorcerers
  3 cyclopes
  3 manticores
  11 elephants
  4 black mambas
  3 smoke demons (Volcano)
  An orange demon (D:8)
  Maggie (D:10)
  3 demonic crawlers
  5 torpor snails
  2 gargoyles
  6 cane toads
  Psyche (D:10)
  4 rime drakes
  5 komodo dragons
  3 efreet
  A tengu conjurer (D:15)
  4 freezing wraiths
  6 meliai
  5 trolls
  A tyrant leech (Lair:5)
  6 polar bears (Lair:5)
  6 tarantellas
  11 hornets
  2 raiju (Lair:5)
  5 blink frogs
  6 slime creatures
  A wraith (D:10)
  8 jumping spiders
  4 water elementals (D:14)
  8 culicivoras
  18 yaks
  2 wyverns
  3 shadows
  8 vampire mosquitoes
  A basilisk (D:13)
  2 steam dragons (Volcano)
  20 redbacks
  8 water moccasins
  5 wargs
  7 hell hounds
  2 sky beasts (D:7)
  4 ice beasts
  22 orc warriors
  6 black bears (Lair:5)
  24 ogres
  20 wolves
  3 boggarts (D:14)
  12 centaurs
  A phantom (D:5)
  2 kobold brigands
  A scorpion (D:4)
  9 bullfrogs
  7 killer bees (D:9)
  4 electric eels (D:14)
  13 jellies
  2 hounds
  16 orc priests
  An iguana (D:6)
  A sleepcap (D:4)
  13 orc wizards
  Robin (D:2)
  8 adders
  2 gnolls (Orc:2)
  2 river rats (D:10)
  2 shadow imps
  A white imp (D:5)
  3 ufetubi
  3 worms
  2 dart slugs
  52 orcs
  5 endoplasms
  4 giant cockroaches
  7 hobgoblins
  8 jackals
  18 kobolds
  4 quokkas
  7 ball pythons
  5 bats
  3 frilled lizards
  13 goblins
  5 rats
620 creatures vanquished.

Vanquished Creatures (collateral kills)
  A broodmother (Spider:1)
  A spark wasp (Spider:2)
  2 fire dragons
  An entropy weaver (Spider:2)
  A hydra (Lair:2)
  2 radroaches (Spider:2)
  A catoblepas (Lair:5)
  2 centaur warriors
  An ogre mage (Orc:2)
  3 boulder beetles
  4 two-headed ogres
  A jorogumo (Spider:1)
  4 death yaks
  The ghost of avis the Transmogrifier, a journeyman VSTm of Okawaru (Lair:1)
  A sun demon (Volcano)
  A fire crab (shapeshifter) (D:14)
  2 pharaoh ants
  3 orb spiders (Spider:1)
  A lindwurm (Lair:5)
  2 wolf spiders (Spider:1)
  3 ugly things (D:15)
  2 manticores
  2 black mambas
  A merfolk siren (Lair:2)
  Maurice (D:8)
  2 elephants (Lair:5)
  2 torpor snails
  A demonic crawler (Spider:2)
  7 cane toads
  2 trolls (D:10)
  3 polar bears (Lair:5)
  3 tyrant leeches (Lair:5)
  5 tarantellas
  2 raiju (Lair:5)
  3 blink frogs
  A slime creature (D:15)
  3 jumping spiders (Spider:1)
  A water elemental (D:14)
  10 yaks
  A wyvern (Lair:3)
  Grum (D:9)
  3 culicivoras
  A basilisk (Lair:1)
  6 redbacks
  7 hell hounds (Lair:5)
  3 wargs
  An orc warrior (D:10)
  5 black bears (Lair:5)
  5 ogres
  5 wolves
  2 centaurs
  2 scorpions
  An electric eel (D:14)
  An orc priest (Orc:2)
  3 orc wizards
  An adder (D:2)
  A gnoll (Orc:2)
  A white imp (D:6)
  A worm (D:2)
  13 orcs
  A hobgoblin (D:2)
  3 kobolds
  A bush (D:10)
158 creatures vanquished.

Vanquished Creatures (others)
  Arachne (Spider:2)
  A spectral ghost moth (Spider:2)
  2 ugly thing zombies
  A death yak zombie (Lair:5)
  4 orb spider zombies (Spider:1)
  A catoblepas zombie (Lair:5)
  4 redback zombies
  A spectral sun demon (Volcano)
  A spectral black mamba (Lair:5)
  A tarantella (Spider:1)
  A hornet (Lair:5)
  2 tarantella zombies (Spider:1)
  A radroach zombie (Spider:1)
  2 culicivora zombies (Spider:1)
  2 meliai zombies
  A boulder beetle zombie (Lair:5)
  A jumping spider zombie (Spider:2)
  3 black mamba zombies (Lair:5)
  A slime creature zombie (D:15)
  A skyshark zombie (Lair:5)
  10 two-headed ogre zombies
  An entropy weaver zombie (Spider:2)
  A spectral smoke demon (Volcano)
  3 elephant zombies (Lair:5)
  A hornet zombie (Lair:5)
  A manticore zombie (D:14)
  3 blink frog zombies
  A rime drake zombie (Lair:5)
  A vampire mosquito zombie (D:14)
  A fire crab zombie (D:14)
  A cyclops zombie (D:14)
  6 hell hound zombies (Lair:5)
  A water moccasin zombie (Lair:1)
  5 warg zombies
  A troll zombie (Orc:2)
  A yak zombie (Lair:1)
  5 polar bear zombies (Lair:5)
  10 wolf zombies
  7 black bear zombies (Lair:5)
  6 centaur zombies
  A basilisk zombie (Lair:1)
  A scorpion zombie (D:4)
  2 boggart zombies (D:14)
  4 killer bee zombies (D:9)
  2 human zombies
  10 ogre zombies
  2 adder zombies
  5 jelly zombies (Lair:4)
  A spectral white imp (D:6)
  A worm zombie (D:2)
  2 gnoll zombies (Orc:2)
  2 hobgoblin zombies
  An endoplasm zombie (D:2)
  A frilled lizard zombie (D:2)
  A giant cockroach zombie (D:2)
  3 goblin zombies (D:2)
  A jackal zombie (D:5)
  8 kobold zombies
  34 orc zombies
  A quokka zombie (D:4)
  A rat zombie (D:2)
  A spectral ufetubus (D:5)
  47 fungi
  106 plants
336 creatures vanquished.

Grand Total: 1114 creatures vanquished

Notes
Turn   | Place    | Note
-------+----------+-------------------------------------------
     0 | D:1      | arghonaut the Formicid Gladiator began the quest for the
                  | Orb.
     0 | D:1      | Reached XP level 1. HP: 16/16 MP: 1/1
   104 | D:1      | Reached XP level 2. HP: 21/22 MP: 2/2
   436 | D:1      | Reached XP level 3. HP: 27/27 MP: 3/3
   708 | D:1      | Found a faded altar of an unknown god.
   711 | D:1      | Prayed at the altar of an unknown god.
   711 | D:1      | Became a worshipper of Yredelemnul the Dark
   711 | D:1      | Reached * piety under Yredelemnul
  1090 | D:2      | Reached XP level 4. HP: 19/33 MP: 4/4
  1100 | D:2      | Reached ** piety under Yredelemnul
  1239 | D:2      | Noticed Robin
  1305 | D:2      | Killed Robin
  1306 | D:2      | Reached skill level 5 in Long Blades
  1307 | D:2      | Your ally Robin died
  1665 | D:3      | Reached XP level 5. HP: 38/38 MP: 5/5
  2312 | D:4      | Reached XP level 6. HP: 19/44 MP: 6/6
  2766 | D:4      | Reached XP level 7. HP: 30/50 MP: 7/7
  3276 | D:5      | Entered Level 5 of the Dungeon
  3837 | D:5      | Found Zoyqi's Book Emporium.
  4149 | D:6      | Found a staircase to the Ecumenical Temple.
  4371 | D:6      | Reached skill level 1 in Armour
  4371 | D:6      | Reached XP level 8. HP: 40/57 MP: 8/8
  4805 | D:6      | Found a sparkling altar of Nemelex Xobeh.
  5145 | D:6      | Reached *** piety under Yredelemnul
  5269 | D:7      | Identified the +4 spear of Dawn {flame, rPois Str+5}
  5310 | D:6      | Reached XP level 9. HP: 44/66 MP: 9/9
  5692 | D:7      | Reached skill level 5 in Fighting
  5957 | D:7      | Reached skill level 5 in Armour
  6010 | D:7      | Found Toem's Fire Supplies.
  6240 | D:8      | Reached skill level 10 in Long Blades
  6608 | D:8      | Noticed an orange demon
  6619 | D:8      | Killed an orange demon
  6633 | D:8      | Noticed Amaemon
  6647 | D:8      | Killed Amaemon
  6648 | D:8      | Reached XP level 10. HP: 63/80 MP: 10/10
  6712 | D:8      | Noticed Maurice
  6727 | D:8      | Killed Maurice
  7017 | D:9      | Noticed a manticore
  7236 | D:9      | Found a stormy altar of Qazlal.
  7254 | D:9      | Noticed a two-headed ogre
  7259 | D:9      | Killed a two-headed ogre
  7260 | D:9      | Reached skill level 10 in Fighting
  7372 | D:9      | Noticed Grum
  7399 | D:9      | Killed Grum
  7579 | D:9      | Killed a manticore
  7901 | D:10     | Entered Level 10 of the Dungeon
  7906 | D:10     | Found a broken altar of Ashenzari.
  7978 | D:10     | Reached XP level 11. HP: 90/90 MP: 11/11
  8041 | D:10     | Noticed Maggie
  8055 | D:10     | Killed Maggie
  8221 | D:10     | Noticed a death yak
  8224 | D:10     | Noticed a death yak
  8233 | D:10     | Killed a death yak
  8234 | D:10     | Reached skill level 5 in Dodging
  8238 | D:10     | Your ally Maggie died
  8239 | D:10     | Noticed a death yak
  8241 | D:10     | Killed a death yak
  8242 | D:10     | Noticed a two-headed ogre
  8246 | D:10     | Killed a two-headed ogre
  8252 | D:10     | Killed a death yak
  8268 | D:10     | Found a staircase to the Lair.
  8344 | D:10     | Reached **** piety under Yredelemnul
  8425 | D:10     | Noticed Psyche
  8428 | D:10     | Identified the +6 trident "Abloc" {vamp, rElec Will+ Int+2}
  8431 | D:10     | Killed Psyche
  8478 | D:10     | Reached ***** piety under Yredelemnul
  8744 | D:10     | Found a blossoming altar of Fedhas.
  8745 | D:10     | Found a sacrificial altar of Ru.
  8777 | D:10     | Reached ****** piety under Yredelemnul
  8828 | D:10     | Found an iron altar of Okawaru.
  8921 | Lair:1   | Entered Level 1 of the Lair of Beasts
  8921 | Lair:1   | Noticed Erica
  8966 | Lair:1   | Killed Erica
  8967 | Lair:1   | Reached XP level 12. HP: 59/97 MP: 12/12
  9005 | Lair:1   | Your ally Erica died
  9321 | Lair:1   | Noticed avis's ghost (journeyman VSTm)
  9362 | Lair:1   | Found a runed translucent door.
 10238 | Lair:1   | Killed avis's ghost
 10351 | Lair:2   | Noticed an eight-headed hydra
 10363 | Lair:2   | Killed a two-headed hydra
 10363 | Lair:2   | Noticed a seven-headed hydra
 10373 | Lair:2   | Killed a four-headed hydra
 10374 | Lair:2   | Reached skill level 5 in Invocations
 10380 | Lair:2   | Noticed a death yak
 10392 | Lair:2   | Killed a death yak
 10559 | Lair:2   | Found a dark tunnel.
 10614 | Volcano  | Entered a volcano
 10707 | Volcano  | Noticed a sun demon
 10720 | Volcano  | Killed a sun demon
 10721 | Volcano  | Reached XP level 13. HP: 69/103 MP: 18/18
 11343 | Volcano  | Reached skill level 10 in Invocations
 11536 | Volcano  | Noticed a fire dragon
 11548 | Volcano  | Killed a fire dragon
 11696 | Lair:2   | Reached skill level 5 in Shields
 11871 | Lair:2   | Found a staircase to the Shoals.
 12220 | Lair:2   | Noticed a five-headed hydra
 12228 | Lair:2   | Killed a one-headed hydra
 13009 | Lair:3   | Reached skill level 10 in Shields
 13499 | Lair:3   | Found a hole to the Spider Nest.
 13856 | Lair:4   | Found a staircase to the Slime Pits.
 13857 | Lair:4   | Found a viscous altar of Jiyva.
 13901 | Lair:4   | Noticed Snorg
 13944 | Lair:4   | Killed Snorg
 13947 | Lair:4   | Reached XP level 14. HP: 76/110 MP: 21/21
 14748 | Lair:5   | Entered Level 5 of the Lair of Beasts
 14812 | Lair:5   | HP: 4/111 [skyshark (21)]
 16325 | Lair:5   | Reached XP level 15. HP: 125/125 MP: 22/22
 16329 | Lair:5   | Identified the +7 shortbow of the Fresh God {drain,
                  | *Corrode rElec Str-3 Dex+7}
 16398 | Lair:5   | Identified a scroll of acquirement
 16400 | Lair:5   | Acquired the +3 pair of mountain boots {steadfast, rC+}
 16400 | Lair:5   | Found the +3 pair of mountain boots {steadfast, rC+}
 16725 | Lair:5   | Found a runed translucent door.
 17480 | D:11     | Reached skill level 15 in Fighting
 17755 | D:11     | Found a large runed translucent door.
 17756 | D:11     | Found a large runed translucent door.
 18038 | D:12     | Noticed Erolcha
 18045 | D:12     | Killed Erolcha
 18048 | D:12     | Found a staircase to the Orcish Mines.
 18518 | D:12     | Identified the +1 sling of the New World {drain, rN+ rCorr
                  | Dex-2 SInv}
 18739 | Orc:1    | Entered Level 1 of the Orcish Mines
 18956 | Orc:2    | Entered Level 2 of the Orcish Mines
 19177 | Orc:2    | Noticed an orc warlord
 19216 | Orc:2    | Killed an orc warlord
 19399 | Orc:2    | Found Axarem's Weapon Emporium.
 19399 | Orc:2    | Found Taheacs's Antique Armour Boutique.
 19399 | Orc:2    | Found Loihiob's Distillery.
 19399 | Orc:2    | Found Bevuf's Armour Shoppe.
 19524 | Orc:2    | Reached XP level 16. HP: 40/112 MP: 24/24
 19751 | Orc:1    | Reached skill level 10 in Armour
 19991 | Orc:2    | Bought a potion of curing for 45 gold pieces
 19991 | Orc:2    | Bought a potion of heal wounds for 75 gold pieces
 19991 | Orc:2    | Bought a potion of curing for 45 gold pieces
 20205 | Orc:2    | Found a staircase to the Elven Halls.
 20846 | Orc:1    | Found a runed translucent door.
 20852 | Orc:1    | Noticed Caerwyn's ghost (journeyman GrEE)
 20962 | Orc:1    | You fall into a shaft and drop 1 floor!
 21563 | Orc:2    | Reached skill level 10 in Dodging
 22365 | D:13     | Found the +0 mask of the Dragon {Will+ Slay+3 SInv}
 22891 | D:14     | Found a gate to the Vaults.
 22893 | D:14     | Identified the +2 chain mail of Fedhas's Generosity
                  | {Rampage rElec Will+ Dex-2}
 23146 | D:14     | Reached skill level 1 in Evocations
 24134 | D:15     | Entered Level 15 of the Dungeon
 24577 | D:15     | Found a staircase to the Depths.
 24606 | D:15     | Reached skill level 5 in Evocations
 24629 | D:15     | Reached XP level 17. HP: 67/142 MP: 26/26
 24970 | D:15     | Acquired the +9 sword of Zonguldrok {reap}
 24970 | D:15     | Found the +9 sword of Zonguldrok {reap}
 25412 | Spider:1 | Entered Level 1 of the Spider Nest
 27322 | Spider:1 | Reached skill level 10 in Evocations
 27853 | Spider:2 | Noticed Nikola
 27859 | Spider:2 | Noticed Arachne
 27870 | Spider:2 | Killed Arachne
 27879 | Spider:2 | Killed Nikola
 27923 | Spider:2 | Noticed Donald
 28192 | Spider:2 | Killed Donald
 28193 | Spider:2 | Reached skill level 15 in Long Blades
 29410 | Spider:3 | Reached XP level 18. HP: 50/144 MP: 27/27
 29411 | Spider:3 | HP: 7/144 [redback (9)]
 29412 | Spider:3 | Slain by a spark wasp

Illustrated notes

Levels and vault maps discovered:
D:1:      roderic_octagonal_star, layout_basic,
          hellmonk_ecumenical_altar_defaced_shrine,
          chequers_serial_rivers_large_a
D:2:      layout_rooms, uniq_robin
D:3:      layout_loops_ring, st_stairs_12
D:4:      layout_basic, serial_rivers, chequers_serial_rivers_marsh,
          chequers_serial_rivers_small_b, chequers_serial_rivers_micro_c,
          chequers_serial_rivers_micro_c, chequers_serial_rivers_micro_d,
          chequers_serial_rivers_micro_a, mrwooster_statue_mirror
D:5:      layout_basic, serial_shops, nicolae_shop_waterfront,
          grunt_ministairs_14, hangedman_abyss_or_decor_slice, hex_medium
D:6:      layout_gridville, lemuel_round_altar, minmay_temple_entry_hall,
          kennysheep_generic_room_13
D:7:      layout_rooms, nicolae_shop_fire_sale [nicolae_sub_dead_trees],
          hex_intersection, minmay_diced_spiral
D:8:      layout_basic, uniq_maurice, uniq_amaemon
D:9:      layout_roguey, nicolae_overflow_hidden_temple, uniq_grum
D:10:     layout_basic, gammafunk_temple_overflow_forgotten,
          cheibrodos_ashenzari_chains, dpeg_lair_monsters, uniq_maggie,
          uniq_psyche
D:11:     layout_loops_ring, lightli_elemental_guards
D:12:     layout_loops_ring, david_orc_2, uniq_erolcha
D:13:     layout_big_octagon, minivault_5, minmay_misc_feat_cross
D:14:     layout_basic, david_vaults_4, amcnicky_mini_rare_corridor_liquid
D:15:     grunt_enter_depths_giant_problem, layout_loops_ring
Lair:1:   layout_hall_layers, hellmonk_ghost_happy_afterlife, uniq_erica
Lair:2:   layout_cave_pods, minmay_shoals_entry_lonely_mermaid, enter_volcano_2,
          dreamdust_wasp_nest, serial_bayou_shore_a, grunt_megastairs_5
Lair:3:   layout_concentric_octagons, spider_nest_entry_webs
Lair:4:   layout_long_grid, minmay_slime_entry_jelly_boxes,
          nicolae_quartered_pool_medium, uniq_snorg
Lair:5:   hangedman_lair_caniforms_friends, layout_small_grid, wormcave
Spider:1: nicolae_spider_hilbert_zone_3 [nicolae_spider_hilbert_4_sides_2_open,
          nicolae_spider_hilbert_3_sides_1_open,
          nicolae_spider_hilbert_3_sides_1_open,
          nicolae_spider_hilbert_3_sides_1_open,
          nicolae_spider_hilbert_3_sides_1_open,
          nicolae_spider_hilbert_4_sides_1_open,
          nicolae_spider_hilbert_4_sides_1_open,
          nicolae_spider_hilbert_4_sides_1_open,
          nicolae_spider_hilbert_4_sides_1_open,
          nicolae_spider_hilbert_4_sides_1_open,
          nicolae_spider_hilbert_4_sides_1_open,
          nicolae_spider_hilbert_4_sides_1_open,
          nicolae_spider_hilbert_4_sides_1_open,
          nicolae_spider_hilbert_3_sides_1_open,
          nicolae_spider_hilbert_3_sides_1_open,
          nicolae_spider_hilbert_3_sides_1_open,
          nicolae_spider_hilbert_3_sides_1_open], hellmonk_test_site
Spider:2: layout_chambers, hangedman_spider_tarantella_strand, uniq_nikola,
          uniq_donald, uniq_arachne
Spider:3: nicolae_spider_hall_of_the_moth_king, spiders_nest_spider_trap
Orc:1:    layout_caves, ebering_ghost_reflecting_pool
Orc:2:    st_orc_ogre_mass, layout_caves

Skill      XL: |  1  2  3  4  5  6  7  8  9 10 11 12 13 14 15 16 17 |
---------------+----------------------------------------------------+-----
Long Blades    | 4 5 6 7 8 9 10 12 14 15 | 15.6
Armour         | 1 3 7 8 9 12 | 12.0
Fighting       | 4 7 10 13 15 | 15.0
Dodging        | 4 7 8 9 11 12 | 12.0
Invocations    | 7 10 11 12 | 12.0
Shields        | 11 14 | 14.0
Evocations     | 5 10 | 10.0
Throwing       | |  2.0

Action                     |  1- 3 |  4- 6 |  7- 9 | 10-12 | 13-15 | 16-18 || total
---------------------------+-------+-------+-------+-------+-------+-------++-------
  Melee: Long sword        |   104 |   136 |   302 |       |       |       ||   542
         Punch             |     2 |     1 |     6 |     3 |     9 |       ||    21
         Scimitar          |       |       |    44 |   382 |   960 |   622 ||  2008
         Double sword      |       |       |       |       |       |   381 ||   381
  Throw: Throwing net      |       |       |     4 |     1 |       |       ||     5
         Dart              |       |       |       |     1 |     3 |       ||     4
         Javelin           |       |       |       |     1 |     1 |       ||     2
 Invoke: Bind Soul         |       |       |       |       |     2 |     1 ||     3
         Recall Undead Har |       |       |       |       |       |     3 ||     3
Ability: Dig               |       |       |       |       |     1 |     3 ||     4
         Shaft Self        |       |       |       |       |       |     1 ||     1
  Evoke: Wand              |       |       |       |       |     3 |       ||     3
    Use: Scroll            |       |       |    18 |     3 |    11 |     6 ||    38
         Potion            |       |       |     1 |       |     8 |     8 ||    17
   Stab: Distracted        |     1 |       |     4 |     8 |    24 |     9 ||    46
         Sleeping          |     1 |       |       |       |       |       ||     1
         Held in net/web   |       |       |     4 |       |       |       ||     4
         Petrified         |       |       |       |       |     1 |       ||     1
 Armour: Leather armour    |    32 |     1 |       |       |       |       ||    33
         Ring mail         |       |    49 |     7 |       |       |       ||    56
         Chain mail        |       |       |   177 |   185 |   358 |       ||   720
         Plate armour      |       |       |       |       |    36 |   431 ||   467
  Dodge: Dodged            |    63 |   120 |   180 |   228 |   430 |   624 ||  1645
  Block: Kite shield       |       |       |       |       |   432 |   784 ||  1216
